 Dungeon Crawl Stone Soup version 0.27-a0-705-ga0013940fb (webtiles) character file.

Game seed: 10067202940332704500

777 rageheart7 the Destroyer (level 7, -2/41 HPs)
             Began as a Tengu Conjurer on Mar 22, 2021.
             Shot with an arrow by a centaur (14 damage)
             ... on level 6 of the Dungeon.
             The game lasted 00:12:11 (5705 turns).

rageheart7 the Destroyer (Tengu Conjurer)           Turns: 5705, Time: 00:12:11

Health: -2/41      AC:  4    Str:  8    XL:     7   Next: 84%
Magic:  14/16      EV: 12    Int: 20    God:
Gold:   197        SH:  0    Dex: 12    Spells: 13/16 levels left

rFire    + . .     SeeInvis .   o - +3 mace
rCold    + + .     Faith    .   (no shield)
rNeg     . . .     Spirit   .   j - +2 robe {rC+}
rPois    .         Reflect  .   (helmet restricted)
rElec    .         Harm     .   (no cloak)
rCorr    .         Rampage  .   (no gloves)
Will     .....                  (boots unavailable)
Stlth    ++........             (no amulet)
HPRegen  0.13/turn              e - ring of protection from cold
MPRegen  0.15/turn              k - ring of protection from fire

@: no status effects
A: beak, talons 3, able to fly
a: Fly


You were on level 6 of the Dungeon.
You visited 1 branch of the dungeon, and saw 6 of its levels.

You collected 197 gold pieces.

Inventory:

Hand Weapons
 c - a +0 quarterstaff
 o - a +3 mace (weapon)
Armour
 j - a +2 robe of cold resistance (worn)
Magical Staves
 b - a staff of earth
Jewellery
 e - a ring of protection from cold (right hand)
 k - a ring of protection from fire (left hand)
 m - a ring of poison resistance
 n - an amulet of guardian spirit
 t - a ring of magical power
 u - a ring of resist corrosion
Scrolls
 a - a scroll of amnesia
 l - 3 scrolls of enchant armour
 q - a scroll of holy word
 r - 2 scrolls of enchant weapon
 s - a scroll of magic mapping
Potions
 d - a potion of brilliance
 g - a potion of attraction
 h - a potion of might
 i - 3 potions of curing
 p - a potion of flight


   Skills:
 * Level 3.4 Fighting
 - Level 2.1 Dodging
 - Level 2.0 Stealth
 * Level 5.4 Spellcasting
 + Level 8.5 Conjurations


You had 13 spell levels left.
You knew the following spells:

 Your Spells              Type           Power      Damage    Failure   Level
a - Magic Dart            Conj           100%       1d8       1%          1
b - Searing Ray           Conj           78%        3d6       1%          2

Your spell library contained the following spells:

 Spells                   Type           Power      Damage    Failure   Level
 Dazzling Flash           Conj/Hex       44%        N/A       6%          3
 Fulminant Prism          Conj/Hex       11%        3d9       19%         4
 Iskenderun's Mystic Bla  Conj/Tloc      22%        2d6       19%         4


Dungeon Overview and Level Annotations

Branches:
Dungeon (6/15)
 Temple: D:4-7

Altars:
Cheibriados
Elyvilon
Hepliaklqana
Makhleb
Uskayaw
Yredelemnul
The Shining One

Annotations:
D:5 2 transporters, jasper's ghost, weakling DsDe


Innate Abilities, Weirdness & Mutations

You have a beak for a mouth.
You have claws for feet.
You can fly continuously.


Message History

The gnoll closely misses you.
You hit the gnoll. Your kick misses the gnoll. You peck the gnoll.
The gnoll is severely wounded.
The gnoll barely misses you. x2
You hit the gnoll.
You kill the gnoll!
There is an escape hatch in the floor here.
Items here: ))) [ †††.
Okay, then.
You start resting.
HP restored.
Magic restored.
You now have 197 gold pieces (gained 15).
You see here a +0 club.
Found a stone staircase leading down.
A centaur comes into view. It is carrying a wand of acid (9).
Casting: Magic Dart (safe; 1% risk of failure)
Confirm with . or Enter, or press ? or * to list all spells.
Aiming: Magic Dart (safe; 1% risk of failure)
Press: ? - help, Shift-Dir - straight line, f - centaur
Aim: a centaur, quivering arrows and carrying a wand of acid (9) (wandering, hasn't noticed you, 0% to evade)
The magic dart hits the centaur.
The centaur is lightly wounded.
The centaur shouts!
You hear a shout!
You hear an angry hiss.
You hear a shout!
Casting: Magic Dart (safe; 1% risk of failure)
Confirm with . or Enter, or press ? or * to list all spells.
Aiming: Magic Dart (safe; 1% risk of failure)
Press: ? - help, Shift-Dir - straight line, f/p - centaur
Aim: a centaur, quivering arrows and carrying a wand of acid (9) (lightly wounded, 0% to evade)
The magic dart hits the centaur but does no damage.
The centaur is lightly wounded.
The centaur zaps a wand.
The bolt of acid hits you!!
Ouch! That really hurt!
You are splashed with acid!
* * * LOW HITPOINT WARNING * * *
The centaur wields a +0 shortbow.
The centaur shoots an arrow.
The arrow closely misses you.
Okay, then.
You feel better.
The centaur shoots an arrow.
The arrow hits you!
You die...

..#.........#.....
..#..#.#.>...........#
.....####.)..........#
......#.#............# .
......(........##....#..
##...........####.......
#...........# #......#
#...........###.>....#
#.........#....@....#
##..##....#.........#
#.. ##.............# ##
.........##.......
...#..#...# #...c..
....##....## #..... ...
#..... ..... ......
....#


You could see a centaur.

Vanquished Creatures
  A sky beast (D:5)
  A gnoll sergeant (D:6)
  2 centaur skeletons
  2 iguanas
  5 hounds (D:4)
  Jessica (D:2)
  Terence (D:2)
  3 worker ants
  A hound skeleton (D:4)
  3 gnolls (D:6)
  8 adders
  An ufetubus (D:5)
  5 worms
  2 dart slugs
  12 orcs
  11 bats
  2 giant cockroaches
  4 goblins
  10 hobgoblins
  2 jackals (D:5)
  7 oozes
  3 quokkas
  9 ball pythons
  4 frilled lizards
  8 kobolds
  10 rats
118 creatures vanquished.

Vanquished Creatures (others)
  A quokka (D:4)
1 creature vanquished.

Grand Total: 119 creatures vanquished

Notes
Turn   | Place    | Note
-------+----------+-------------------------------------------
     0 | D:1      | rageheart7 the Tengu Conjurer began the quest for the Orb.
     0 | D:1      | Reached XP level 1. HP: 10/10 MP: 4/4
   146 | D:1      | Reached XP level 2. HP: 10/16 MP: 0/6
   266 | D:1      | Learned a level 2 spell: Searing Ray
   771 | D:1      | You fall into a shaft and drop 1 floor!
   794 | D:2      | Reached skill level 1 in Fighting
   794 | D:2      | Reached skill level 6 in Conjurations
   794 | D:2      | Reached XP level 3. HP: 12/20 MP: 0/7
   801 | D:2      | Noticed Jessica
  1228 | D:2      | Reached XP level 4. HP: 21/25 MP: 2/8
  1302 | D:2      | Noticed Terence
  1315 | D:2      | Killed Terence
  1437 | D:2      | Reached skill level 7 in Conjurations
  1534 | D:2      | Gained mutation: You can fly continuously. [Tengu growth]
  1534 | D:2      | Reached XP level 5. HP: 23/29 MP: 10/10
  1536 | D:2      | Killed Jessica
  2371 | D:3      | Found a snail-covered altar of Cheibriados.
  2626 | D:3      | Found a burning altar of Makhleb.
  3060 | D:3      | Found a hide-covered altar of Uskayaw.
  3177 | D:3      | Found a hazy altar of Hepliaklqana.
  3381 | D:4      | Reached XP level 6. HP: 35/35 MP: 7/12
  3968 | D:4      | Reached XP level 7. HP: 40/40 MP: 10/14
  3991 | D:4      | Found a white marble altar of Elyvilon.
  4051 | D:4      | Found a glowing golden altar of the Shining One.
  4057 | D:4      | Reached skill level 8 in Conjurations
  4083 | D:4      | Noticed an angel
  4094 | D:4      | Found a basalt altar of Yredelemnul.
  4305 | D:5      | Entered Level 5 of the Dungeon
  4675 | D:5      | Reached skill level 5 in Spellcasting
  4980 | D:5      | Found a transporter.
  4984 | D:5      | Noticed jasper's ghost (weakling DsDe)
  5037 | D:5      | Found a transporter.
  5705 | D:6      | Shot with an arrow by a centaur

Illustrated notes

Levels and vault maps discovered:
D:1:      scummos_arrival_hexagon, layout_loops_ring, item_on_display_a
D:2:      layout_rooms, minmay_vboxes, uniq_jessica, uniq_terence
D:3:      layout_basic, nzn_hepliaklqana_mist_gate,
          nicolae_uskayaw_murder_on_the_dancefloor, kennysheep_slug_shrine,
          grunt_ministairs_1, bloody_makhleb
D:4:      layout_rooms, grunt_temple_overflow_holy_war, elyvilon_altar_4
D:5:      layout_gridville, gammafunk_ghost_stat_death
D:6:      layout_cave_pools, grunt_ministairs_10, wad_floor_pattern_untrapped,
          grunt_qazlal_clouds

Skill      XL: |  1  2  3  4  5  6  7 |
---------------+----------------------+-----
Fighting       | 1 2 3 |  3.4
Conjurations   | 6 7 8 |  8.5
Spellcasting   | 3 4 5 |  5.4
Dodging        | |  2.1
Stealth        | |  2.0

Action                   |  1- 3 |  4- 6 |  7- 9 || total
-------------------------+-------+-------+-------++-------
Melee: Quarterstaff      |    21 |    60 |     1 ||    82
       Kick              |     2 |    17 |     3 ||    22
       Peck              |     1 |     7 |     1 ||     9
       Mace              |       |       |    10 ||    10
 Cast: Magic Dart        |    36 |   128 |    49 ||   213
       Searing Ray       |       |     5 |     6 ||    11
  Use: Potion            |     1 |       |     1 ||     2
       Scroll            |     1 |     5 |     3 ||     9
 Stab: Sleeping          |     3 |     2 |       ||     5
Armor: Robe              |     5 |    20 |     7 ||    32
Dodge: Dodged            |    12 |    77 |    17 ||   106

Table legend: (Time is in decaauts)
 A = Elapsed time spent in this place.
 B = Non-inter-level travel time spent in this place.
 C = Inter-level travel time spent in this place.
 D = Time resting spent in this place.
 E = Time spent auto-exploring this place.
 F = Levels seen in this place.
 G = Mean time per level.
                   A        B        C        D        E       F      G
               +--------+--------+--------+--------+--------+-----+--------+
         Total |   5732 |   5570 |    162 |   1233 |   3618 |   6 |  955.3 |
       Dungeon |   5732 |   5570 |    162 |   1233 |   3618 |   6 |  955.3 |
               +--------+--------+--------+--------+--------+-----+--------+

Top non-repeatable levels by time:
     D:5: 1247 daAuts
     D:3: 1187 daAuts
     D:2: 1113 daAuts
     D:1: 1092 daAuts
     D:4: 936 daAuts
     D:6: 155 daAuts
